 Dungeon Crawl Stone Soup version 0.21.1-1-g345015f (webtiles) character file.

55 Relic the Grave Robber (level 3, 0/19 HPs)
             Began as a Deep Elf Necromancer on May 9, 2018.
             Slain by a gnoll
             ... wielding a +0 club
              (2 damage)
             ... on level 2 of the Dungeon.
             The game lasted 00:16:57 (1290 turns).

Relic the Grave Robber (Deep Elf Necromancer)       Turns: 1290, Time: 00:16:57

Health: 0/19       AC:  2    Str:  9    XL:     3   Next: 67%
Magic:  1/10       EV: 13    Int: 20    God:
Gold:   38         SH:  0    Dex: 15    Spells: 4/9 levels left

rFire    . . .     SeeInvis .   d - +0 club
rCold    . . .     Gourm    .   (no shield)
rNeg     . . .     Faith    .   k - +0 robe
rPois    .         Spirit   .   (no helmet)
rElec    .         Reflect  .   (no cloak)
rCorr    .         Harm     .   (no gloves)
MR       .....                  (no boots)
Stlth    ++........             (no amulet)
HPRegen  0.06/turn              f - +4 ring of strength
MPRegen  0.12/turn              (no ring)

@: no status effects
A: no striking features
a: no special abilities


You were on level 2 of the Dungeon.
You were very hungry.

You visited 1 branch of the dungeon, and saw 2 of its levels.

You collected 38 gold pieces.

Inventory:

Hand Weapons
 a - a +0 dagger
 d - a +0 club (weapon)
 h - a +0 short sword
 l - a +0 dagger
Missiles
 e - 31 stones (quivered)
 o - 14 poisoned needles
Armour
 k - a +0 robe (worn)
 r - a +2 pair of boots
Jewellery
 f - a +4 ring of strength (left hand)
Scrolls
 j - a scroll of remove curse {unknown}
 n - a scroll of enchant weapon {unknown}
 p - a scroll of immolation {unknown}
Potions
 g - a potion of curing {unknown}
 m - 2 potions of magic {unknown}
 s - a potion of brilliance {unknown}
Books
 b - a book of Necromancy

   Spells                             Type                      Level
   a - Pain                           Necromancy                   1
   b - Animate Skeleton               Necromancy                   1
   c - Vampiric Draining              Necromancy                   3
   d - Regeneration                   Charms/Necromancy            3
   e - Animate Dead                   Necromancy                   4
   f - Borgnjor's Vile Clutch         Necromancy/Earth             5
Comestibles
 c - 4 rations
 i - 2 chunks of flesh


   Skills:
 + Level 0.1 Throwing
 + Level 2.5 Dodging
 + Level 2.6 Stealth
 + Level 3.6 Spellcasting
 + Level 6.1 Necromancy


You had 4 spell levels left.
You knew the following spells:

 Your Spells              Type           Power        Failure   Level  Hunger
a - Pain                  Necr           ####         1%          1    None
b - Animate Skeleton      Necr           N/A          1%          1    None
c - Vampiric Draining     Necr           ####......   3%          3    ###....


Dungeon Overview and Level Annotations

Branches:
Dungeon (2/15)

Altars:
Okawaru


Message History

You barely miss the gnoll.
The gnoll is severely wounded.
The gnoll barely misses you.
You hit the gnoll.
The gnoll is severely wounded.
The gnoll closely misses you.
You hit the gnoll.
The gnoll is almost dead.
The gnoll hits you but does no damage. The gnoll hits you.
You hit the gnoll.
You kill the gnoll!
Your Necromancy skill increases to level 6!
You hit the gnoll.
The gnoll is lightly wounded.
The gnoll closely misses you. The gnoll hits you with a club!
* * * LOW HITPOINT WARNING * * *
You hit the gnoll but do no damage.
The gnoll is lightly wounded.
The gnoll hits you with a club.
You die...

#..###.# .
#......# .
#......#### .#
#.........#
..######...).....#
.......#.........#
...........g.....#
.#####.####.#.##g#
...# #.....#@#
#######.#...#.#
.......>.#.#
####.###.#.#
...#...#.#
.#####.).#.#
...........#####
................
########.#########


You could see a gnoll.

Vanquished Creatures
  2 gnolls (D:2)
  An ooze (D:1)
  A dart slug (D:1)
  2 leopard geckos
  3 bats (D:1)
  A giant cockroach (D:2)
  2 goblins (D:1)
  3 hobgoblins (D:1)
  A quokka (D:2)
  A ball python (D:1)
  A frilled lizard (D:2)
  3 kobolds (D:1)
  2 rats (D:1)
23 creatures vanquished.

Vanquished Creatures (collateral kills)
  A giant cockroach (D:1)
  2 goblins (D:1)
  4 kobolds (D:1)
  A rat (D:1)
8 creatures vanquished.

Grand Total: 31 creatures vanquished

Notes
Turn   | Place    | Note
-------+----------+-------------------------------------------
     0 | D:1      | Relic the Deep Elf Necromancer began the quest for the Orb.
     0 | D:1      | Reached XP level 1. HP: 10/10 MP: 6/6
     9 | D:1      | Reached skill level 5 in Necromancy
    11 | D:1      | Reached XP level 2. HP: 7/15 MP: 0/8
    14 | D:1      | Learned a level 1 spell: Animate Skeleton
    14 | D:1      | Noticed a salamander
    14 | D:1      | Noticed a wyvern
    14 | D:1      | Noticed a redback
    14 | D:1      | Noticed a crocodile
  1064 | D:1      | Reached XP level 3. HP: 18/19 MP: 6/9
  1069 | D:1      | Learned a level 3 spell: Vampiric Draining
  1255 | D:2      | Found an iron altar of Okawaru.
  1288 | D:2      | Reached skill level 6 in Necromancy
  1290 | D:2      | Slain by a gnoll

Skill      XL: |  1  2  3 |
---------------+----------+-----
Necromancy     | 5 6 |  6.1
Throwing       | |  0.1
Dodging        | |  2.5
Stealth        | |  2.6
Spellcasting   | |  3.6

Action                   || total
-------------------------++-------
Melee: Club              ||    18
Throw: Stone             ||     4
 Cast: Pain              ||    31
       Animate Skeleton  ||    12
       Vampiric Draining ||     1
  Use: Scroll            ||     1
Armor: Robe              ||     3
Dodge: Dodged            ||    35
